 Dungeon Crawl Stone Soup version 0.26-a0-597-gb535b0901c (webtiles) character file.

Game seed: 12245268186162259437

10010 kobby the Cleaver (level 11, 0/97 HPs)
             Began as a Hill Orc Fighter on Aug 29, 2020.
             Was an Elder of Wu Jian.
             Slain by an 11-headed hydra (11 damage)
             ... on level 12 of the Dungeon.
             The game lasted 00:24:03 (12956 turns).

kobby the Cleaver (Hill Orc Fighter)               Turns: 12956, Time: 00:24:04

Health: 0/97       AC: 16    Str: 23    XL:     11   Next: 55%
Magic:  11/11      EV: 10    Int:  8    God:    Wu Jian [****..]
Gold:   913        SH: 18    Dex: 14    Spells: 10/10 levels left

rFire    + + .     SeeInvis .   a - +2 war axe
rCold    . . .     Faith    .   c - +1 kite shield
rNeg     . . .     Spirit   .   n - +3 fire dragon scales
rPois    .         Reflect  +   (helmet restricted)
rElec    .         Harm     .   i - +1 cloak of Valour {rC+ Dex+4}
rCorr    .                      (no gloves)
MR       .....                  (no boots)
Stlth    ..........             H - amulet of reflection (curse)
HPRegen  0.26/turn              (no ring)
MPRegen  0.12/turn              (no ring)

@: heavenly storm, glowing
A: horns 1, wild magic 1
a: Wall Jump, Serpent's Lash, Renounce Religion


You were on level 12 of the Dungeon.
You worshipped Wu Jian.
Wu Jian was greatly pleased with you.
You visited 1 branch of the dungeon, and saw 12 of its levels.

You collected 913 gold pieces.

Inventory:

Hand Weapons
 a - a +2 war axe (weapon)
Armour
 b - a +0 scale mail
 c - a +1 kite shield (worn)
 i - the +1 cloak of Valour (worn) {rC+ Dex+4}
   (You found it on level 9 of the Dungeon)

   It affects your dexterity (+4).
   It protects you from cold.
 n - +3 fire dragon scales (worn)
 w - the +2 robe of the Eternal Void {Stlth+}
   (You found it on level 6 of the Dungeon)

   It makes you more stealthy.
 A - a scarf of harm
 C - a scarf of invisibility
Jewellery
 e - an uncursed ring of fire
 h - an uncursed amulet of reflection
 j - an uncursed ring of protection from fire
 u - an uncursed amulet of faith
 v - an uncursed ring of magical power
 F - a +6 ring of intelligence
 H - a cursed amulet of reflection (around neck)
Wands
 d - a wand of digging (5)
 g - a wand of enslavement (2)
 z - a wand of polymorph (11)
 B - a wand of random effects (17)
 D - a wand of flame (2)
Scrolls
 f - 5 scrolls of fear
 k - a scroll of magic mapping
 m - a scroll of amnesia
 o - 2 scrolls of identify
 q - 2 scrolls of teleportation
 y - 2 scrolls of remove curse
 G - a scroll of blinking
 I - a scroll of enchant armour
Potions
 l - 7 potions of ambrosia
 p - 2 potions of magic
 r - 3 potions of brilliance {unknown}
 s - 2 potions of haste {unknown}
 t - a potion of curing {unknown}
 x - a potion of resistance
 E - a potion of flight {unknown}


   Skills:
 + Level 9.4 Fighting
 + Level 14.0 Axes
 + Level 9.1 Armour
 + Level 3.6 Dodging
 + Level 2.4 Stealth
 + Level 8.7 Shields
 + Level 0.5 Evocations


You had 10 spell levels left.
You didn't know any spells.
Your spell library contained the following spells:

 Spells                   Type           Power        Failure   Level
 Apportation              Tloc           #.....       96%         1
 Corona                   Hex            #......      96%         1
 Foxfire                  Conj/Fire      #...         96%         1
 Ensorcelled Hibernation  Hex/Ice        #.....       99%         2
 Confusing Touch          Hex            #.......     100%        3
 Conjure Flame            Conj/Fire      #.......     100%        3
 Dazzling Flash           Conj/Hex       #.....       100%        3
 Inner Flame              Hex/Fire       #.......     100%        3
 Lesser Beckoning         Tloc           #.........   100%        3
 Tukima's Dance           Hex            #.......     100%        3
 Sticky Flame             Conj/Fire      #.......     100%        4
 Alistair's Intoxication  Tmut/Pois      #........    100%        5
 Fireball                 Conj/Fire      #.........   100%        5
 Invisibility             Hex            #.......     100%        6


Dungeon Overview and Level Annotations

Branches:
Dungeon (12/15)            Temple (0/1) D:6            Lair (0/6) D:11
    Orc (0/2) D:11

Altars:
Ashenzari
Cheibriados
Elyvilon
Gozag
Kikubaaqudgha
Nemelex Xobeh
Okawaru
Qazlal
Ru
Trog
Uskayaw
Vehumet
Wu Jian
Xom
Yredelemnul


Innate Abilities, Weirdness & Mutations

You have a pair of small horns on your head.
Your spells are a little harder to cast, but a little more powerful.


Message History

The 11-headed hydra bites you but does no damage.
You block the 11-headed hydra's attack. The 11-headed hydra bites you.
* * * LOW HITPOINT WARNING * * *
The 11-headed hydra bites you but does no damage.
The 11-headed hydra misses you. The 11-headed hydra bites you.
* * * LOW HITPOINT WARNING * * *
There is nothing to wall jump against here.
The air is filled with shimmering golden clouds!
Sifu Jiang Wei says: The storm will not cease as long as you keep fighting, disciple!
You can no longer summon a storm of heavenly clouds.
You hear an angry buzzing noise. x3
You block the 11-headed hydra's attack. The 11-headed hydra bites you!
* * * LOW HITPOINT WARNING * * *
You block the 11-headed hydra's attack. The 11-headed hydra bites you.
* * * LOW HITPOINT WARNING * * *
The 11-headed hydra closely misses you. You block the 11-headed hydra's attack.
The 11-headed hydra closely misses you.
The 11-headed hydra bites you but does no damage.
The 11-headed hydra closely misses you. The 11-headed hydra bites you!
You die...

### #.. #§#
#######D#######
.....§☼@§§.....
#######§#######
#§# #.# #.# #.#
#.# #.#


You could see a 11-headed hydra.

Vanquished Creatures
  Erolcha (D:9)
  Harold (D:8)
  A two-headed ogre (D:10)
  An ugly thing (D:11)
  A gargoyle (D:10)
  A kobold demonologist (D:11)
  A queen bee (D:9)
  A troll (D:11)
  Prince Ribbit (D:9)
  A hippogriff (D:11)
  A yak (D:11)
  2 wyverns
  Menkaure (D:6)
  2 orc warriors
  2 sky beasts
  A black bear (D:7)
  6 centaurs
  A necrophage (D:7)
  2 ogres
  2 crocodiles (D:11)
  A big kobold (D:5)
  4 bullfrogs
  4 scorpions
  31 killer bees
  8 wights
  5 howler monkeys
  4 electric eels (D:9)
  2 bullfrog zombies
  4 hounds
  2 centaur skeletons
  3 jellies
  4 bullfrog skeletons
  2 centaur zombies (D:10)
  9 orc wizards
  5 orc priests
  A gnoll shaman (D:8)
  4 iguanas
  6 worker ants
  2 killer bee zombies
  2 hound skeletons
  A worker ant zombie (D:6)
  24 gnolls
  8 adders
  2 howler monkey skeletons
  3 white imps
  An ufetubus (D:9)
  An ooze (D:7)
  An adder zombie (D:5)
  An adder skeleton (D:4)
  4 worms
  A dart slug (D:1)
  5 leopard geckos
  39 orcs
  2 ball pythons
  7 bats
  5 giant cockroaches
  2 gnoll zombies (D:7)
  8 goblins
  3 hobgoblins (D:3)
  7 jackals
  5 quokkas
  2 ball python skeletons (D:5)
  4 frilled lizards
  14 kobolds
  A leopard gecko skeleton (D:4)
  A leopard gecko zombie (D:9)
  9 rats
294 creatures vanquished.

Vanquished Creatures (others)
  24 plants (D:9)
24 creatures vanquished.

Grand Total: 318 creatures vanquished

Notes
Turn   | Place    | Note
-------+----------+-------------------------------------------
     0 | D:1      | kobby the Hill Orc Fighter began the quest for the Orb.
     0 | D:1      | Reached XP level 1. HP: 19/19 MP: 1/1
   364 | D:1      | Reached XP level 2. HP: 27/27 MP: 2/2
   828 | D:2      | Reached skill level 3 in Axes
  1058 | D:2      | Reached XP level 3. HP: 33/33 MP: 3/3
  1303 | D:2      | Reached skill level 4 in Axes
  1305 | D:2      | Reached XP level 4. HP: 31/40 MP: 4/4
  1331 | D:2      | Found a faded altar of an unknown god.
  1786 | D:2      | Reached XP level 5. HP: 40/47 MP: 5/5
  2006 | D:3      | Found a radiant altar of Vehumet.
  2336 | D:3      | Gained mutation: You have a pair of small horns on your
                  | head. [potion of mutation]
  2336 | D:3      | Gained mutation: Your spells are a little harder to cast,
                  | but a little more powerful. [potion of mutation]
  2742 | D:3      | Found an ornate altar of the Wu Jian Council.
  2774 | D:3      | Became a worshipper of the Wu Jian Council
  3031 | D:4      | Reached skill level 5 in Axes
  3031 | D:4      | Reached XP level 6. HP: 53/53 MP: 6/6
  3110 | D:4      | Found a shattered altar of Ashenzari.
  3153 | D:4      | Reached skill level 1 in Dodging
  3158 | D:4      | Reached skill level 6 in Axes
  3416 | D:4      | Found a bloodstained altar of Trog.
  3607 | D:4      | Reached XP level 7. HP: 53/60 MP: 7/7
  3782 | D:5      | Entered Level 5 of the Dungeon
  3794 | D:5      | Reached * piety under Wu Jian
  3804 | D:5      | Reached skill level 5 in Fighting
  3804 | D:5      | Reached skill level 7 in Axes
  4130 | D:5      | Found a snail-covered altar of Cheibriados.
  4368 | D:5      | Reached skill level 5 in Shields
  4373 | D:5      | Reached skill level 5 in Armour
  4873 | D:5      | Reached skill level 8 in Axes
  4873 | D:5      | Reached XP level 8. HP: 68/68 MP: 8/8
  5519 | D:6      | Got a warped robe
  5520 | D:6      | Identified the +2 robe of the Eternal Void {Stlth+} (You
                  | found it on level 6 of the Dungeon)
  5581 | D:6      | Reached skill level 9 in Axes
  5726 | D:6      | Found an iron altar of Okawaru.
  5755 | D:6      | Reached ** piety under Wu Jian
  6210 | D:6      | Found a stormy altar of Qazlal.
  6380 | D:6      | Noticed Menkaure
  6385 | D:6      | Killed Menkaure
  6385 | D:6      | Reached skill level 10 in Axes
  6385 | D:6      | Reached XP level 9. HP: 62/75 MP: 9/9
  6531 | D:6      | Found a staircase to the Ecumenical Temple.
  6565 | D:6      | Found a sparkling altar of Nemelex Xobeh.
  7214 | D:7      | Found an opulent altar of Gozag.
  7748 | D:7      | Reached *** piety under Wu Jian
  7768 | D:7      | Noticed a +0 hand axe
  7768 | D:7      | Noticed a +0 hand axe
  7779 | D:7      | Found a hide-covered altar of Uskayaw.
  8071 | D:7      | Found a basalt altar of Yredelemnul.
  8094 | D:8      | Noticed Harold
  8122 | D:8      | Killed Harold
  8122 | D:8      | Reached skill level 11 in Axes
  8122 | D:8      | Reached skill level 1 in Stealth
  8646 | D:8      | Reached XP level 10. HP: 80/86 MP: 10/10
  8791 | D:8      | Found a white marble altar of Elyvilon.
  9182 | D:9      | Reached skill level 12 in Axes
  9653 | D:9      | Reached **** piety under Wu Jian
  9884 | D:9      | Found a shimmering altar of Xom.
  9906 | D:9      | Noticed Erolcha
  9921 | D:9      | Killed Erolcha
 10495 | D:9      | HP: 4/89 [killer bee (4)]
 10500 | D:9      | HP: 4/89 [poisoned by a killer bee]
 10506 | D:9      | HP: 3/89 [poisoned by a killer bee]
 10514 | D:9      | HP: 3/89 [poisoned by a killer bee]
 10990 | D:9      | Reached skill level 13 in Axes
 11239 | D:9      | Found an ancient bone altar of Kikubaaqudgha.
 11262 | D:9      | Got a transparent cloak
 11263 | D:9      | Identified the +1 cloak of Valour {rC+ Dex+4} (You found it
                  | on level 9 of the Dungeon)
 11365 | D:9      | Noticed Prince Ribbit
 11452 | D:9      | Killed Prince Ribbit
 11452 | D:9      | Reached XP level 11. HP: 55/95 MP: 11/11
 11648 | D:9      | Found a sacrificial altar of Ru.
 11859 | D:10     | Entered Level 10 of the Dungeon
 11893 | D:10     | Noticed a two-headed ogre
 11900 | D:10     | Killed a two-headed ogre
 12237 | D:10     | Found a snail-covered altar of Cheibriados.
 12721 | D:11     | Found a staircase to the Orcish Mines.
 12751 | D:11     | Found a staircase to the Lair.
 12751 | D:11     | Noticed a green ugly thing
 12786 | D:11     | Killed a green ugly thing
 12786 | D:11     | Reached ***** piety under Wu Jian
 12829 | D:11     | Reached skill level 14 in Axes
 12919 | D:11     | Noticed a six-headed hydra
 12956 | D:12     | Slain by an 11-headed hydra

Illustrated notes

Levels and vault maps discovered:
D:1:      elethiomel_arrival_quiet, layout_loops_corners
D:2:      layout_rooms, chequers_ecumenical_altar_island,
          chequers_serial_rivers_small_3
D:3:      layout_rooms, lemuel_coloured_pillars_altar,
          overflow_temple_1_default, due_unseen_surprise
D:4:      layout_basic, nicolae_overflow_crystal_walls,
          cheibrodos_ashenzari_chains
D:5:      layout_layer_cave, old_standard_altar, minmay_misc_feat_iff
D:6:      layout_loops_ring, okawaru_trees_2, old_standard_altar,
          nemelex_xobeh_ov_fountains_minmay, minmay_temple_entry_trees,
          item_on_display_a, uniq_menkaure
D:7:      layout_loops_ring, dancing_weapons_uskayaw,
          lemuel_zombie_altar_yredelemnul,
          nicolae_gozag_cash_rules_everything_around_me, minivault_1
D:8:      layout_rooms, elyvilon_altar_3, uniq_harold
D:9:      layout_cave_pools, kiku_gazebo_pond_becter, special_room
          [special_room_bee], basic_altar, serial_bayou, serial_bayou_ford_a,
          serial_bayou_pond_c, serial_bayou_lagoon_a, serial_bayou_pond_e,
          minivault_14, nicolae_ru_the_path_less_chosen, uniq_prince_ribbit1,
          uniq_erolcha
D:10:     layout_irregular_city, cheibriados_altar_1
D:11:     layout_loops_ring, david_lair_generic, orc_0_dummy
D:12:     layout_loops_ring, tso_altar, uniq_rupert, uniq_sonja

Skill      XL: |  1  2  3  4  5  6  7  8  9 10 11 |
---------------+----------------------------------+-----
Fighting       | 4 5 6 7 8 9 |  9.4
Axes           | 3 4 5 6 8 10 11 13 14 | 14.0
Armour         | 4 5 6 7 8 9 |  9.1
Shields        | 4 5 6 8 |  8.7
Dodging        | 1 2 3 |  3.6
Stealth        | 1 2 |  2.4
Evocations     | |  0.5

Action                   |  1- 3 |  4- 6 |  7- 9 | 10-12 || total
-------------------------+-------+-------+-------+-------++-------
Melee: War axe           |    80 |   186 |   294 |   442 ||  1002
       Headbutt          |       |     9 |    49 |    73 ||   131
Invok: Lunge             |       |     3 |    24 |    21 ||    48
       Whirlwind         |       |       |     6 |     6 ||    12
       Heavenly Storm    |       |       |       |     1 ||     1
Evoke: Wand              |       |       |       |     6 ||     6
  Use: Scroll            |       |     9 |    12 |     7 ||    28
       Potion            |       |     6 |     4 |     3 ||    13
 Stab: Invisible         |       |       |     3 |     1 ||     4
Armor: Scale mail        |    41 |    82 |    17 |       ||   140
       Fire dragon scale |       |       |   105 |   142 ||   247
Dodge: Dodged            |    23 |    64 |    80 |   126 ||   293
Block: Kite shield       |    47 |    79 |   141 |   264 ||   531

Table legend: (Time is in decaauts)
 A = Elapsed time spent in this place.
 B = Non-inter-level travel time spent in this place.
 C = Inter-level travel time spent in this place.
 D = Time resting spent in this place.
 E = Time spent auto-exploring this place.
 F = Levels seen in this place.
 G = Mean time per level.
                   A        B        C        D        E       F      G
               +--------+--------+--------+--------+--------+-----+--------+
         Total |  13063 |  12929 |    134 |   3121 |   7593 |  12 | 1088.6 |
       Dungeon |  13063 |  12929 |    134 |   3121 |   7593 |  12 | 1088.6 |
               +--------+--------+--------+--------+--------+-----+--------+

Top non-repeatable levels by time:
     D:9: 2808 daAuts
     D:5: 1685 daAuts
     D:7: 1347 daAuts
     D:6: 1307 daAuts
     D:2: 1246 daAuts
     D:3: 978 daAuts
     D:8: 943 daAuts
     D:4: 836 daAuts
     D:1: 828 daAuts
    D:10: 793 daAuts
    D:11: 281 daAuts
    D:12: 6 daAuts
